Map: Ancient Cistern LE

Players

kExiK

  • Race: Terran Terran
  • League: Diamond
  • Spawn Location: 7:00

IlIIlIIlIIll - Winner!

  • Race: Zerg Zerg
  • League: Master
  • Spawn Location: 1:00

VOD

Have the link to the VOD?

Description

Time

  • Played on: March 9, 2023, 5:16 p.m.
  • Length: 6:56
Show
View Real Time Build Order
Export as new Build Order

kExiK Terran 

Build Orders: Reaper Expand 

Get SALT Encoding   

  12  0:00  SCV  
  13  0:12  SCV  
  14  0:17  Supply Depot  
  14  0:26  SCV  
  15  0:39  SCV  
  15  0:41  Barracks  
  16  0:44  Refinery  
  16  0:51  SCV  
  17  1:03  SCV  
  18  1:15  SCV  
  19  1:32  Reaper, Orbital Command  
  20  1:45  Command Center  
  20  1:56  Bunker  
  20  1:58  SCV  
  21  2:07  Marine  
  22  2:15  SCV  
  23  2:40  Supply Depot  
  23  2:53  Barracks x2  
  23  2:57  SCV, Marine  
  23  2:58  Factory  
  25  2:59  Orbital Command  
  25  3:09  SCV  
  26  3:13  Bunker  
  26  3:18  Marine  
  27  3:21  SCV  
  28  3:30  SCV  
  29  3:35  Marine  
  30  3:44  Marine x2  
  31  3:53  SCV x2, Marine  
  34  3:59  Factory Tech Lab  
  34  4:03  Engineering Bay  
  34  4:05  SCV x2  
  34  4:09  Marine x2  
  35  4:19  Marine  
  35  4:23  Cyclone  
  36  4:27  Marine x2  
  30  4:39  Marine  
  30  4:45  Marine x2  
  27  4:55  Orbital Command  
  27  4:56  Marine  
  26  5:00  Cyclone  
  26  5:02  Marine x2  
  28  5:16  Marine  
  28  5:20  Marine x2  
  30  5:22  SCV x2  
  31  5:32  Cyclone  
  31  5:34  Marine  
  28  5:47  SCV x2  
  26  5:59  SCV x2  
  26  6:03  Supply Depot  
  20  6:14  Marine  
Show
View Real Time Build Order
Export as new Build Order

IlIIlIIlIIll Zerg - Winner!

Build Orders: Pool First 

Get SALT Encoding   

  12  0:02  Drone  
  13  0:10  Drone  
  14  0:23  Drone, Extractor  
  14  0:30  Overlord  
  14  0:49  Extractor  
  13  1:01  Spawning Pool, Drone  
  13  1:02  Drone x2  
  16  1:13  Drone  
  17  1:28  Drone  
  18  1:48  Hatchery  
  17  2:04  Hatchery  
  16  2:15  Roach Warren  
  15  2:18  Drone  
  16  2:23  Drone  
  17  2:35  Hatchery  
  17  2:38  Burrow  
  17  2:50  Overlord  
  17  3:00  Queen  
  19  3:17  Roach x2  
  23  3:27  Overlord  
  23  3:29  Drone  
  23  3:30  Roach  
  23  3:31  Drone  
  23  3:32  Roach  
  27  3:43  Roach  
  27  3:46  Ravager  
  26  3:51  Roach x2  
  26  3:53  Roach x2  
  29  3:59  Roach  
  29  4:01  Overlord  
  31  4:04  Roach x3  
  35  4:11  Roach x4  
  35  4:16  Roach x3  
  35  4:21  Roach  
  35  4:30  Roach  
  35  4:31  Roach  
  35  4:35  Roach  
  35  4:38  Roach  
  31  4:39  Roach x2  
  31  4:42  Roach x3  
  31  4:44  Roach  
  39  4:47  Roach  
  39  4:49  Roach  
  39  4:50  Roach x2  
  39  4:52  Ravager  
  40  4:55  Ravager, Roach x2  
  35  5:00  Roach x3  
  35  5:05  Roach  
  35  5:13  Roach  
  35  5:15  Roach x5  
  35  5:22  Roach x5  
  31  5:30  Roach x2  
  31  5:31  Roach  
  31  5:33  Roach  
  37  5:39  Roach x2  
  35  5:45  Roach  
  35  5:48  Roach  
  31  5:50  Roach x4  
  31  5:51  Roach  
  31  5:54  Roach x4  
  33  6:02  Roach x2  
  35  6:07  Roach  
  35  6:15  Roach x2  
  35  6:16  Roach  
  33  6:18  Roach x2  
  33  6:22  Ravager  
  34  6:32  Roach  
Tags
 
Add a new tag
Caveats
  • Supply blocks, unpowered buildings, or Contaminate may cause inaccurate times.
  • Supply counts are checked every 10 seconds.